Map: Catalyst LE

Players

Nerchio

  • Race: Zerg Zerg
  • League: Grandmaster
  • Spawn Location: 11:00

Serral - Winner!

  • Race: Zerg Zerg
  • League: Grandmaster
  • Spawn Location: 5:00

Event: WESG Barcelona European Finals 2017

VOD

Have the link to the VOD?

Description

Time

  • Played on: Nov. 26, 2017, 12:11 p.m.
  • Length: 8:29

All games in this series

Show
View Real Time Build Order
Export as new Build Order

Nerchio Zerg 

Build Orders: Hatch First 

Get SALT Encoding   

  12  0:00  Drone  
  13  0:13  Overlord  
  13  0:17  Drone  
  14  0:31  Drone x2  
  14  0:34  Drone  
  17  0:51  Hatchery  
  17  0:55  Drone  
  17  0:59  Drone  
  17  1:01  Extractor  
  17  1:15  Spawning Pool  
  17  1:17  Drone  
  17  1:21  Drone  
  18  1:28  Drone  
  19  1:45  Overlord  
  19  1:49  Drone  
  20  2:01  Queen, Metabolic Boost  
  20  2:03  Queen  
  24  2:08  Zergling x2  
  24  2:11  Drone  
  24  2:13  Drone  
  27  2:17  Drone  
  27  2:22  Drone  
  29  2:25  Drone  
  30  2:33  Zergling x2  
  31  2:43  Hatchery  
  30  2:45  Zergling x2  
  30  2:50  Baneling Nest  
  30  2:52  Zergling x2  
  30  2:58  Overlord  
  31  3:00  Drone  
  31  3:02  Drone  
  31  3:05  Drone  
  33  3:08  Drone  
  34  3:14  Zergling x2  
  34  3:17  Drone x3  
  38  3:24  Zergling x2  
  38  3:25  Zergling x4  
  41  3:28  Zergling x2  
  41  3:33  Zergling x2  
  43  3:39  Overlord  
  43  3:43  Zergling x2  
  43  3:44  Zergling x2  
  43  3:46  Overlord  
  43  3:50  Baneling  
  43  3:51  Baneling  
  43  3:54  Queen, Overlord  
  45  3:59  Drone x3  
  45  4:00  Drone  
  45  4:02  Drone  
  50  4:08  Drone  
  50  4:09  Drone  
  52  4:10  Drone  
  52  4:12  Drone  
  48  4:18  Zergling x6, Evolution Chamber  
  48  4:21  Drone  
  48  4:22  Drone  
  52  4:25  Drone  
  52  4:28  Extractor  
  52  4:29  Zergling x2  
  53  4:38  Lair  
  53  4:39  Zergling x2, Roach Warren  
  52  4:46  Zergling x4  
  52  4:52  Zergling x4  
  56  4:53  Zergling x6  
  56  4:54  Overlord  
  56  4:57  Zergling x4  
  56  5:01  Zerg Missile Weapons Level 1  
  56  5:02  Extractor  
  56  5:04  Zergling x4  
  54  5:08  Zergling x4  
  53  5:18  Drone x3  
  53  5:19  Drone x2  
  57  5:28  Extractor  
  57  5:29  Drone  
  57  5:30  Drone x2  
  58  5:40  Roach  
  58  5:41  Roach x2  
  61  5:43  Roach  
  61  5:46  Queen  
  61  5:47  Roach  
  61  5:49  Roach  
  69  5:53  Roach  
  69  5:55  Roach  
  73  5:57  Overlord  
  73  5:58  Roach  
  73  5:59  Overlord  
  73  6:01  Overlord  
  73  6:06  Roach x2  
  73  6:09  Roach  
  73  6:13  Ravager  
  73  6:15  Overlord  
  73  6:16  Roach  
  73  6:18  Roach  
  78  6:20  Roach  
  78  6:23  Roach  
  78  6:25  Roach  
  84  6:26  Zergling x2  
  84  6:28  Roach  
  84  6:32  Zergling x4  
  87  6:35  Zergling x4  
  87  6:36  Zergling x2  
  87  6:38  Zergling x2  
  91  6:41  Zergling x2  
  91  6:43  Ravager  
  91  6:45  Zergling x2  
  91  6:56  Zergling x6  
  91  6:58  Zergling x2, Hatchery  
  91  7:00  Zergling x2  
  94  7:03  Glial Reconstitution  
  94  7:09  Zergling x2  
  94  7:17  Zergling x4  
  94  7:22  Zergling x2  
  91  7:23  Zergling x4  
  91  7:26  Roach  
  79  7:33  Drone  
  80  7:41  Roach  
  80  7:42  Overseer  
  82  7:47  Roach  
  82  7:49  Drone  
  85  7:52  Drone  
  85  7:53  Roach x2  
  85  7:58  Roach x2  
  94  8:07  Roach  
  94  8:08  Roach, Extractor  
  94  8:10  Roach  
Show
View Real Time Build Order
Export as new Build Order

Serral Zerg - Winner!

Build Orders: Hatch First 

Get SALT Encoding   

  12  0:00  Drone  
  13  0:13  Overlord  
  13  0:17  Drone  
  14  0:31  Drone x2  
  14  0:34  Drone  
  17  0:52  Hatchery  
  17  0:55  Drone  
  17  0:58  Drone  
  17  1:02  Extractor  
  17  1:13  Spawning Pool  
  17  1:17  Drone  
  17  1:20  Drone  
  18  1:28  Drone  
  19  1:38  Overlord  
  19  1:49  Drone  
  20  2:00  Zergling x2, Queen  
  23  2:03  Metabolic Boost  
  23  2:04  Queen  
  23  2:08  Zergling x2  
  26  2:11  Drone  
  26  2:14  Drone  
  28  2:22  Drone  
  29  2:25  Drone  
  30  2:37  Hatchery  
  30  2:40  Zergling x2  
  30  2:43  Zergling x4  
  32  2:47  Zergling x2  
  33  2:53  Baneling Nest  
  33  2:55  Overlord  
  32  3:01  Drone  
  32  3:05  Drone  
  34  3:09  Drone  
  34  3:12  Drone  
  36  3:15  Drone x3  
  36  3:16  Drone  
  36  3:18  Zergling x2  
  41  3:27  Drone, Overlord  
  41  3:30  Zergling x2  
  42  3:38  Drone  
  43  3:45  Drone x2  
  44  3:48  Queen  
  44  3:49  Drone  
  44  3:50  Drone x4  
  51  3:56  Baneling x2, Evolution Chamber  
  51  3:58  Zergling x2  
  51  4:00  Drone  
  51  4:01  Drone  
  53  4:03  Zergling x2  
  53  4:07  Zergling x4  
  55  4:13  Baneling x2  
  55  4:14  Zergling x4  
  55  4:19  Overlord  
  55  4:23  Roach Warren, Extractor  
  55  4:24  Drone x2, Extractor  
  54  4:29  Zergling x2  
  54  4:30  Drone x2  
  57  4:32  Drone  
  57  4:35  Overlord  
  53  5:04  Roach x2  
  55  5:09  Roach x2  
  57  5:19  Roach x3  
  57  5:20  Roach x3  
  66  5:25  Zergling x12  
  66  5:26  Overlord x2  
  66  5:27  Overlord  
  71  5:31  Zerg Missile Weapons Level 1  
  69  5:39  Baneling x2  
  69  5:44  Queen  
  69  5:45  Lair  
  69  5:46  Drone x4  
  69  5:49  Drone  
  76  5:52  Drone x2  
  76  5:54  Drone  
  79  5:59  Overlord  
  79  6:01  Queen  
  81  6:06  Drone x2  
  81  6:07  Drone  
  81  6:10  Drone  
  84  6:13  Drone x2  
  86  6:19  Overlord  
  86  6:29  Roach x4  
  86  6:32  Overlord  
  92  6:34  Roach x3  
  92  6:37  Roach  
  100  6:42  Roach x3  
  100  6:44  Glial Reconstitution  
  105  6:52  Roach x2  
  105  6:53  Roach  
  111  6:54  Roach  
  111  7:00  Queen x3  
  112  7:03  Roach x2  
  112  7:07  Ravager  
  116  7:11  Roach x3  
  119  7:19  Roach x3  
  115  7:24  Roach x4  
  113  7:34  Overlord  
  113  7:35  Roach x4  
  113  7:36  Overlord x2  
  121  7:41  Extractor  
  121  7:42  Overlord  
  122  7:51  Roach  
  122  7:54  Roach x5  
  132  8:04  Roach x2  
  136  8:08  Overlord  
  136  8:10  Drone x2  
Tags
 
Add a new tag
Caveats
  • Supply blocks, unpowered buildings, or Contaminate may cause inaccurate times.
  • Supply counts are checked every 10 seconds.